 Dungeon Crawl Stone Soup version 0.31-a0-1620-gcbf77bbcfc (webtiles) character file.

Game seed: 5686329788595590349

631 Laraso the Magician (level 7, 50/50 HPs)
             Began as a Grey Draconian Fire Elementalist on Jan 12, 2024.
             Quit the game on level 3 of the Dungeon.
             The game lasted 00:04:14 (2883 turns).

Laraso the Magician (DrFE)                          Turns: 2883, Time: 00:04:14

Health: 50/50      AC: 20    Str:  9    XL:     7   Next: 24%
Magic:  3/18       EV: 12    Int: 17    God:
Gold:   162        SH:  0    Dex: 15    Spells: 18/21 levels left

rFire   . . .        e - +5 quarterstaff (chaos)
rCold   + . .        (shield currently unavailable)
rNeg    . . .        (body armour unavailable)
rPois   .            (helmet restricted)
rElec   .            f - +2 cloak
rCorr   .            (no gloves)
SInv    .            i - +1 pair of boots {Fly}
Will    +....        (no amulet)
Stlth   ++           h - ring of protection from cold
HPRegen 0.28/turn    b - +4 ring of protection
MPRegen 0.16/turn

%: no passive effects
@: flying
A: AC +11, amphibious, unfitting armour, cold-blooded, stinger 1, agile 1,
strong-willed 1
a: no special abilities


You were on level 3 of the Dungeon.
You visited 1 branch of the dungeon, and saw 3 of its levels.
You also visited: Sewer.

You collected 162 gold pieces.

Inventory:

Hand Weapons
 e - a +5 quarterstaff of chaos (weapon)
Armour
 f - a +2 cloak (worn)
 i - a +1 pair of boots of flying (worn)
Jewellery
 b - a +4 ring of protection (right hand)
 h - a ring of protection from cold (left hand)
Scrolls
 g - 3 scrolls of teleportation
 j - a scroll of enchant weapon
Potions
 a - 2 potions of magic
 c - 2 potions of brilliance
 d - a potion of enlightenment


   Skills:
 - Level 1.7 Dodging
 - Level 1.7 Stealth
 * Level 7.5 Spellcasting
 - Level 1.0 Conjurations
 - Level 3.0 Fire Magic


You had 18 spell levels left.
You knew the following spells:

 Your Spells              Type           Power      Damage    Failure   Level
a - Foxfire               Conj/Fire      52%        2x1d6     4%          1
b - Scorch                Fire           32%        2d6       4%          2

Your spell library contained the following spells:

 Spells                   Type           Power      Damage    Failure   Level
 Sting                    Conj/Alch      32%        1d5       9%          1
 Mercury Vapours          Alch/Air       12%        N/A       17%         2
 Inner Flame              Hex/Fire       11%        N/A       19%         3
 Volatile Blastmotes      Fire/Tloc      22%        2d11      19%         3
 Mephitic Cloud           Conj/Alch/Air  7%         N/A       28%         3
 Flame Wave               Conj/Fire      13%        2d6       43%         4
 Olgreb's Toxic Radiance  Alch           6%         N/A       73%         4
 Freezing Cloud           Conj/Ice/Air   3%         6-21      95%         5


Dungeon Overview and Level Annotations

Branches:
Dungeon (3/15)              Sewer (visited)

Altars:


Innate Abilities, Weirdness & Mutations

Your dull iron-grey scales are very hard. (AC +11)
You are amphibious.
You cannot fit into any form of body armour.
You are cold-blooded and may be slowed by cold attacks.
Your tail ends in a venomous barb.
You are agile. (Dex +4, Str/Int -1)
You are strong-willed. (Will+)


Message History

There is a stone staircase leading up here.
Flames lash Grinder.
Grinder is lightly wounded.
Grinder's fire resistance burns away.
Flames lash Grinder.
Grinder is burned terribly!
Grinder is moderately wounded.
Grinder blinks!
Flames lash Grinder.
Grinder is burned terribly!
Grinder is moderately wounded.
Flames lash Grinder.
Grinder is burned terribly!
Grinder is heavily wounded.
Grinder hits you but does no damage.
You hit Grinder.
Grinder is heavily wounded.
Grinder barely misses you.
You barely miss Grinder.
Your tail-slap misses Grinder.
Grinder is heavily wounded.
Grinder hits you but does no damage.
You closely miss Grinder.
Grinder is heavily wounded.
Grinder gestures at you. You resist with almost no effort. Grinder misses you.
You barely miss Grinder.
Grinder is heavily wounded.
Grinder gestures at you. You resist with some effort.
Flames lash Grinder.
Grinder is burned terribly!
Grinder is severely wounded.
Grinder gestures at you. You resist with almost no effort.
Flames lash Grinder.
Grinder is burned terribly!
Grinder is almost dead.
Grinder hits you but does no damage.
Flames lash Grinder.
Grinder is burned terribly!
You kill Grinder!
Your Spellcasting skill increases to level 7!
You have reached level 7!
Your scales start taking on a dull iron-grey colour.
You learn Air Magic much slower.
You learn Earth Magic much quicker.
Are you sure you want to abandon this character and quit the game? (Confirm with "yes".)

###..............)......###~≈#≈~≈
# ##.#####................#~≈#≈.≈
## #.#####....##...##.....#.≈#≈.≈
.###.. .......##...####.###~≈#≈÷≈
..#######.....##...# #..# #~≈#≈~≈
#.....# #..#.##....###.## #~≈#≈~≈
#####.####.............# #~~÷.÷#
..###... ###.#...<.##..#####~..##
......# #...#@..##......#####.
......##.###5..#######.###.......
......##.........................
......######...#.#####.##.###..##
.....>...###...#.## #.##. #.###
#.............5# .####.##. #.[..
#...................##.... ##....
#.###................#..## #.....
..# ......#..##...... #.....


There were no monsters in sight!

Vanquished Creatures
  Grinder (D:3)
  Pargi (Sewer)
  2 brain worms (Sewer)
  Crazy Yiuf (D:2)
  A bombardier beetle (D:3)
  Jessica (D:2)
  Terence (D:3)
  6 adders
  A dart slug (D:2)
  An endoplasm (D:2)
  5 giant cockroaches (D:3)
  7 goblins
  3 hobgoblins
  4 quokkas
  6 ball pythons
  4 bats
  6 frilled lizards
  9 kobolds
  2 rats
62 creatures vanquished.

Vanquished Creatures (others)
  58 foxfires
58 creatures vanquished.

Grand Total: 120 creatures vanquished

Notes
Turn   | Place    | Note
-------+----------+-------------------------------------------
     0 | D:1      | Laraso the Draconian Fire Elementalist began the quest for
                  | the Orb.
     0 | D:1      | Reached XP level 1. HP: 14/14 MP: 3/3
   474 | D:1      | Reached XP level 2. HP: 20/20 MP: 2/5
   673 | D:1      | Learned a level 2 spell: Scorch
   855 | D:1      | Reached skill level 3 in Spellcasting
   972 | D:2      | Noticed Jessica
   988 | D:2      | Killed Jessica
   989 | D:2      | Reached XP level 3. HP: 26/26 MP: 1/8
  1090 | D:2      | Reached skill level 4 in Spellcasting
  1262 | D:2      | Reached XP level 4. HP: 33/33 MP: 7/10
  1374 | D:2      | Found a faded altar of an unknown god.
  1523 | D:2      | Found a runed translucent door.
  1524 | D:2      | Noticed Crazy Yiuf
  1933 | D:2      | Killed Crazy Yiuf
  2066 | D:3      | Noticed Terence
  2096 | D:3      | Killed Terence
  2097 | D:3      | Reached XP level 5. HP: 14/38 MP: 0/12
  2232 | D:3      | Noticed Grinder
  2258 | D:3      | Reached skill level 5 in Spellcasting
  2357 | D:3      | Found a glowing drain.
  2372 | Sewer    | Entered a sewer
  2527 | Sewer    | Reached XP level 6. HP: 45/45 MP: 2/14
  2641 | Sewer    | Noticed Pargi
  2643 | Sewer    | Gained mutation: You occasionally shout uncontrollably at
                  | your foes. [potion of mutation]
  2643 | Sewer    | Gained mutation: You are strong-willed. (Will+) [potion of
                  | mutation]
  2643 | Sewer    | Gained mutation: Your tail ends in a venomous barb. [potion
                  | of mutation]
  2649 | Sewer    | Killed Pargi
  2650 | Sewer    | Reached skill level 6 in Spellcasting
  2784 | D:3      | Lost mutation: You occasionally shout uncontrollably at
                  | your foes. [potion of mutation]
  2784 | D:3      | Lost mutation: Your tail ends in a venomous barb. [potion
                  | of mutation]
  2784 | D:3      | Lost mutation: You are strong-willed. (Will+) [potion of
                  | mutation]
  2784 | D:3      | Gained mutation: Your tail ends in a venomous barb. [potion
                  | of mutation]
  2784 | D:3      | Gained mutation: You are agile. (Dex +4, Str/Int -1)
                  | [potion of mutation]
  2784 | D:3      | Gained mutation: You are strong-willed. (Will+) [potion of
                  | mutation]
  2882 | D:3      | Killed Grinder
  2883 | D:3      | Reached skill level 7 in Spellcasting
  2883 | D:3      | Your scales start taking on a dull iron-grey colour.
  2883 | D:3      | Reached XP level 7. HP: 50/50 MP: 3/18
  2883 | D:3      | Quit the game

Illustrated notes

Levels and vault maps discovered:
D:1:      dpeg_arrival_simpleton_b, layout_basic
D:2:      layout_rooms, basic_ecumenical_altar, uniq_jessica,
          uniq_crazy_yiuf_cottage
D:3:      layout_rooms, gup_sewer_entry_pipe, uniq_terence, uniq_grinder

Skill      XL: |  1  2  3  4  5  6 |
---------------+-------------------+-----
Spellcasting   | 3 4 5 7 |  7.5
Dodging        | |  1.7
Stealth        | |  1.7
Conjurations   | |  1.0
Fire Magic     | |  3.0

Action                     |  1- 3 |  4- 6 |  7- 9 || total
---------------------------+-------+-------+-------++-------
  Melee: Quarterstaff      |    23 |    11 |       ||    34
   Cast: Foxfire           |    20 |    13 |       ||    33
         Scorch            |    13 |    49 |       ||    62
    Use: Scroll            |       |     6 |       ||     6
         Potion            |       |     2 |       ||     2
 Armour: Skin              |    33 |    19 |       ||    52
  Dodge: Dodged            |    41 |    25 |       ||    66

Table legend: (Time is in decaauts)
 A = Elapsed time spent in this place.
 B = Non-inter-level travel time spent in this place.
 C = Inter-level travel time spent in this place.
 D = Time resting spent in this place.
 E = Time spent auto-exploring this place.
 F = Levels seen in this place.
 G = Mean time per level.
                   A        B        C        D        E       F      G
               +--------+--------+--------+--------+--------+-----+--------+
         Total |   2890 |   2785 |    105 |    280 |   1954 |   4 |  722.5 |
       Dungeon |   2478 |   2373 |    105 |    216 |   1665 |   3 |  826.0 |
         Sewer |    412 |    412 |      0 |     64 |    289 |   1 |  412.0 |
               +--------+--------+--------+--------+--------+-----+--------+

Top non-repeatable levels by time:
     D:2: 1126 daAuts
     D:1: 904 daAuts
     D:3: 448 daAuts
   Sewer: 412 daAuts
